 Dungeon Crawl Stone Soup version 0.22.1-2-g9c5b331 (webtiles) character file.

284 Goblin1989 the Covert (level 6, -3/40 HPs)
             Began as an Octopode Assassin on Dec 12, 2018.
             Was an Initiate of Dithmenos.
             Killed from afar by an orc wizard (9 damage)
             ... with a magic dart
             ... on level 3 of the Dungeon.
             The game lasted 00:11:08 (4382 turns).

Goblin1989 the Covert (Octopode Assassin)           Turns: 4382, Time: 00:11:08

Health: -3/40      AC:  2    Str:  8    XL:     6   Next: 29%
Magic:  6/6        EV: 13    Int: 13    God:    Dithmenos [......]
Gold:   171        SH:  0    Dex: 16    Spells: 5/5 levels left

rFire    . . .     SeeInvis .   E - -2 dagger (curse)
rCold    . . .     Gourm    .   (no shield)
rNeg     . . .     Faith    .   (helmet restricted)
rPois    .         Spirit   .   Y - amulet of inaccuracy (curse)
rElec    .         Reflect  .   (no ring)
rCorr    .         Harm     .   (no ring)
MR       +....                  (no ring)
Stlth    +++++.....             (no ring)
HPRegen  0.13/turn              (no ring)
MPRegen  0.10/turn              (no ring)
                                (no ring)
                                (no ring)

@: no status effects
A: almost no armour, stealthy swim, amphibious, 8 rings, constrict 8, rugged
brown scales 1, camouflage 1, magic resistance 1, weak 1, gelatinous body 1
a: Renounce Religion


You were on level 3 of the Dungeon.
You worshipped Dithmenos.
Dithmenos was noncommittal.
You were not hungry.

You visited 2 branches of the dungeon, and saw 5 of its levels.

You collected 171 gold pieces.

Inventory:

Hand Weapons
 a - a +2 dagger
 w - a +0 blowgun {@w1}
 E - a cursed -2 dagger (weapon)
Missiles
 c - 25 poisoned needles
 d - 2 curare-tipped needles
 z - 14 arrows
 F - 153 stones (quivered) {@Q3}
 J - 27 bolts
 U - 8 silver javelins {@Q2}
Jewellery
 I - an uncursed amulet of magic regeneration
 Y - a cursed amulet of inaccuracy (around mantle)
Scrolls
 y - a scroll of enchant armour
 G - a scroll of immolation
 T - 3 scrolls of teleportation {!r, @r2}
Potions
 S - a potion of lignification {unknown}
 V - 2 potions of curing {unknown}
 W - a potion of agility {unknown}
Comestibles
 e - 11 rations


   Skills:
 - Level 2.0 Fighting
 + Level 2.5 Short Blades
 - Level 2.0 Throwing
 - Level 1.0 Dodging
 - Level 10.0 Stealth


You had 5 spell levels left.
You didn't know any spells.
Your spell library was empty.

Dungeon Overview and Level Annotations

Branches:
Dungeon (4/15)             Temple (1/1) D:4

Altars:
Ashenzari
Dithmenos
Elyvilon
Hepliaklqana
Kikubaaqudgha
Makhleb
Okawaru
Qazlal
Ru
Sif Muna
Trog
Vehumet
Wu Jian
Xom


Innate Abilities, Weirdness & Mutations

You cannot wear most types of armour.
You are very stealthy in the water. (Stealth+)
You are amphibious.
You can wear up to eight rings at the same time.
You can use your tentacles to constrict eight enemies at once.
Your skin changes colour to match your surroundings (Stealth+).
Your rubbery body absorbs attacks. (AC +1, EV +1)
You are partially covered in rugged brown scales. (AC +1, +3% HP)
You are resistant to hostile enchantments. (MR+)
You are weak. (Str -2)


Message History

The orc priest misses you.
The orc wizard points at you and mumbles some strange words.
The magic dart hits you!
You take 9 damage, and have 27/40 hp.
MASSIVE DAMAGE!!
You hit the orc priest but do no damage.
Your squeeze misses the orc priest.
The orc priest is lightly wounded.
You constrict the orc priest, but do no damage.
The orc priest closely misses you. The orc wizard closely misses you.
You hit the orc priest but do no damage.
You squeeze the orc priest, but do no damage.
The orc priest is lightly wounded.
You constrict the orc priest.
The orc priest looks encouraged for a moment.
You hit the orc priest but do no damage.
The orc priest is lightly wounded.
You constrict the orc priest, but do no damage.
The orc wizard closely misses you.
The orc priest hits you but does no damage.
You hit the orc priest.
The orc priest is moderately wounded.
You constrict the orc priest.
The orc wizard hits you but does no damage.
The orc priest closely misses you.
You hit the orc priest but do no damage.
You squeeze the orc priest.
You kill the orc priest!
Dithmenos accepts your kill.
The orc wizard gestures wildly while chanting.
The orc wizard seems to speed up.
You hit the orc wizard. You grab the orc wizard.
The orc wizard is lightly wounded.
You constrict the orc wizard, but do no damage.
The orc wizard gestures at you while chanting.
The magic dart hits you! The orc barely misses you.
You are too injured to fight recklessly!
You take 6 damage, and have 22/40 hp.
You are too injured to fight recklessly!
You are too injured to fight recklessly!
You are too injured to fight recklessly!
You are too injured to fight recklessly!
You are too injured to fight recklessly!
You are too injured to fight recklessly!
You are too injured to fight recklessly!
You are too injured to fight recklessly!
You are too injured to fight recklessly!
You are too injured to fight recklessly!
You are too injured to fight recklessly!
You are too injured to fight recklessly!
You are too injured to fight recklessly!
You are too injured to fight recklessly!
You are too injured to fight recklessly!
You are too injured to fight recklessly!
You are too injured to fight recklessly!
You are too injured to fight recklessly!
You are too injured to fight recklessly!
You are too injured to fight recklessly!
You are too injured to fight recklessly!
You are too injured to fight recklessly!
You are too injured to fight recklessly!
You are too injured to fight recklessly!
You are too injured to fight recklessly!
You are too injured to fight recklessly!
You are too injured to fight recklessly!
Unknown command.
You are too injured to fight recklessly!
You hit the orc wizard.
The orc wizard is moderately wounded.
You constrict the orc wizard, but do no damage.
The orc wizard struggles to escape constriction.
The orc wizard escapes!
The orc hits you with a flail.
* * * LOW HITPOINT WARNING * * *
The orc wizard hits you with a dagger.
* * * LOW HITPOINT WARNING * * *
You take 8 damage, and have 14/40 hp.
You barely miss the orc wizard. Your grab misses the orc wizard.
Your squeeze misses the orc wizard.
The orc wizard is moderately wounded.
The orc wizard hits you but does no damage.
The orc hits you with a flail.
* * * LOW HITPOINT WARNING * * *
The orc hits you but does no damage.
The orc wizard casts a spell.
The orc wizard blinks!
You take 2 damage, and have 12/40 hp.
The orc closely misses you.
The orc throws a tomahawk.
The tomahawk hits you but does no damage.
Things that are here:
a tomahawk; a leather armour; an orc corpse The orc throws a tomahawk.
The tomahawk barely misses you.
You see here a tomahawk.
The orc wizard closely misses you.
The orc throws a tomahawk.
The tomahawk hits you.
* * * LOW HITPOINT WARNING * * *
You take 6 damage, and have 6/40 hp.
The orc wizard misses you. The orc wizard casts a spell at you.
The magic dart hits you!
You die...

█.██ ██)█.█ ..█ █.█
█.█.██ ██.█.█ .█ █.█
█..... ....██. █.█
███(.. ██...█. █ █.█
█..██ █.....█. █.█
████..█ █...... █.█
█.....█ █.█..█ █.█
███.█████████.█..█
█.█
██.█..(o.oo@...>....█
█.█
█.......█████████.█.█
█.█ █.█████.█
█...>...<█ █.█ █
█...████.██.......█
█.█
█...........██.████
█.█ █...██████████.█
█.█ ████.█ █.█ █.█
.....█ █.█ █.█ █.████
█.█


You could see an orc wizard and 2 orcs.

Vanquished Creatures
  A scorpion (D:4)
  2 orc priests (D:3)
  A hound zombie (D:3)
  6 adders
  An adder skeleton (D:4)
  A worm (D:2)
  2 dart slugs (D:2)
  A leopard gecko (D:2)
  5 orcs
  5 bats
  6 giant cockroaches
  14 goblins
  9 hobgoblins
  10 kobolds
  2 quokkas
  2 ball pythons (D:1)
  5 frilled lizards
  24 rats
97 creatures vanquished.

Notes
Turn   | Place    | Note
-------+----------+-------------------------------------------
     0 | D:1      | Goblin1989 the Octopode Assassin began the quest for the
                  | Orb.
     0 | D:1      | Reached XP level 1. HP: 14/14 MP: 1/1
   474 | D:1      | Reached XP level 2. HP: 19/19 MP: 2/2
   487 | D:1      | Reached skill level 6 in Stealth
   918 | D:1      | Reached XP level 3. HP: 24/24 MP: 3/3
  1407 | D:2      | Reached skill level 7 in Stealth
  1913 | D:2      | Reached XP level 4. HP: 14/29 MP: 4/4
  1926 | D:2      | HP: 1/29 [goblin/uncursed dagger (3)]
  1933 | D:2      | HP: 2/43 [bat (1)]
  1993 | D:2      | Reached skill level 8 in Stealth
  2502 | D:2      | Gained mutation: You are weak. (Str -2) [potion of
                  | mutation]
  2502 | D:2      | Gained mutation: You are resistant to hostile enchantments.
                  | (MR+) [potion of mutation]
  2502 | D:2      | Gained mutation: You are partially covered in rugged brown
                  | scales. (AC +1, +3% HP) [potion of mutation]
  2528 | D:2      | HP: 1/29 [poisoned by an adder]
  3076 | D:3      | Reached XP level 5. HP: 28/35 MP: 5/5
  3147 | D:4      | Found a bloodstained altar of Trog.
  3359 | D:3      | Reached skill level 9 in Stealth
  3464 | D:4      | Found a staircase to the Ecumenical Temple.
  3472 | Temple   | Entered the Ecumenical Temple
  3546 | Temple   | Became a worshipper of Dithmenos the Shadowed
  3867 | D:4      | Reached skill level 10 in Stealth
  3867 | D:4      | Reached XP level 6. HP: 40/40 MP: 6/6
  4382 | D:3      | Killed from afar by an orc wizard

Skill      XL: |  1  2  3  4  5 |
---------------+----------------+-----
Stealth        | 6 7 8 10 | 10.0
Fighting       | |  2.0
Short Blades   | |  2.5
Throwing       | |  2.0
Dodging        | |  1.0

Action                   |  1- 3 |  4- 6 || total
-------------------------+-------+-------++-------
Melee: Dagger            |    70 |   143 ||   213
       Constrict         |    14 |    32 ||    46
       Tentacles         |    11 |    31 ||    42
  Use: Scroll            |       |     5 ||     5
       Potion            |       |     3 ||     3
 Stab: Sleeping          |    17 |    14 ||    31
  Eat: Chunk             |     3 |     4 ||     7
       Ration            |       |     1 ||     1
Armor: Skin              |    10 |    21 ||    31
Dodge: Dodged            |    35 |    93 ||   128

Vault maps used:
D:1:      saegor_arrival_miasma
D:2:      kennysheep_the_goblin_king, minmay_stone_trees_small
D:3:      uniq_crazy_yiuf_cottage, uniq_robin
D:4:      nicolae_overflow_crystal_walls, minmay_temple_entry_glassed_door,
          minmay_rat_hole
Temple:   dshaligram_water_room_temple
